 Dungeon Crawl Stone Soup version 0.28.0-43-g3370ac3207 (webtiles) character file.

Game seed: 1446258481229779192

11622 joshe the Unseen (level 11, 0/57 HPs)
             Began as a Vampire Necromancer on Mar 1, 2022.
             Was an Elder of Makhleb.
             Slain by an entropy weaver simulacrum (1 damage)
             ... in an ice cave.
             The game lasted 02:11:05 (19268 turns).

joshe the Unseen (Vampire Necromancer)             Turns: 19268, Time: 02:11:05

Health: 0/57       AC: 14    Str:  7    XL:     11   Next: 51%
Magic:  20/20      EV: 12    Int: 23    God:    Makhleb [****..]
Gold:   115        SH:  0    Dex:  9    Spells: 8/22 levels left

rFire   + . .      SeeInvis +   E - +7 hand axe "Ziehes" {vamp, rElec rPois Dex-5 Stlth+}
rCold   + + +      Faith    .   b - orb {mayhem}
rNeg    + + +      Spirit   .   D - +1 robe "Piwn" {rF+ Stlth+}
rPois   ∞          Reflect  .   l - +2 helmet
rElec   +          Harm     .   C - +0 cloak
rCorr   .          Rampage  .   (no gloves)
Will    +....                   P - +2 pair of boots {Stlth+} Stlth *+++++++++
                                O - amulet of magic regeneration
HPRegen 0.00/turn               L - +4 ring of protection
MPRegen 0.57/turn               p - ring of protection from cold

@: confusing by touch, bloodless, inhibited regen, hasted, very quick
A: bloodless, fangs 3, see invisible, vampiric 2
a: Bat Form, Revivify, Renounce Religion, Minor Destruction, Lesser Servant of
Makhleb, Major Destruction


You were in an ice cave.
You worshipped Makhleb.
Makhleb was greatly pleased with you.
You visited 3 branches of the dungeon, and saw 12 of its levels.
You also visited: Sewer, Bailey and Ice Cave.

You collected 767 gold pieces.
You spent 652 gold pieces at shops.

Inventory:

Hand Weapons
 a - a +0 dagger of venom
 h - a +0 dagger of freezing
 o - a +3 spear of flaming
 E - the +7 hand axe "Ziehes" (weapon) {vamp, rElec rPois Dex-5 Stlth+}
   (You found it on level 6 of the Dungeon)

   It occasionally heals its wielder for a portion of the damage dealt when it
   wounds a living foe.
   Dex:       It affects your dexterity (-5).
   rElec:     It insulates you from electricity.
   rPois:     It protects you from poison.
   Stlth:     It makes you more stealthy.
 N - a +2 dagger of protection
Missiles
 q - 6 atropa-tipped darts
 v - 6 curare-tipped darts
 x - 54 poisoned darts
Armour
 b - an orb of mayhem (worn)
 e - a +3 leather armour
 l - a +2 helmet (worn)
 C - a +0 cloak (worn)
 D - the +1 robe "Piwn" (worn) {rF+ Stlth+}
   (You found it on level 6 of the Dungeon)

   rF:        It protects you from fire.
   Stlth:     It makes you more stealthy.
 P - a +2 pair of boots of stealth (worn)
Magical Staves
 M - a staff of conjuration
Jewellery
 p - a ring of protection from cold (right hand)
 J - a +6 ring of dexterity
 L - a +4 ring of protection (left hand)
 O - an amulet of magic regeneration (around neck)
Wands
 g - a wand of acid (4)
 w - a wand of mindburst (15)
 y - a wand of flame (15)
Scrolls
 f - 6 scrolls of fog
 j - 3 scrolls of teleportation
 n - a scroll of fear {unknown}
 u - 2 scrolls of holy word {unknown}
 F - a scroll of immolation {unknown}
 G - 2 scrolls of magic mapping
 H - 2 scrolls of silence {unknown}
 K - a scroll of vulnerability {unknown}
Potions
 c - a potion of ambrosia
 d - 3 potions of magic
 i - 2 potions of mutation
 k - a potion of brilliance
 m - a potion of haste
 r - a potion of berserk rage
 s - 2 potions of resistance
 z - 2 potions of curing
 B - 2 potions of lignification {unknown}
 I - 2 potions of might {unknown}
Miscellaneous
 A - a phantom mirror (inert)


   Skills:
 - Level 2.0 Fighting
 - Level 2.0 Armour
 - Level 2.1 Dodging
 - Level 15.0 Stealth
 - Level 6.0 Spellcasting
 + Level 13.0 Hexes
 - Level 10.0 Necromancy
 - Level 4.0 Ice Magic
 - Level 4.0 Invocations
 - Level 2.0 Evocations


You had 8 spell levels left.
You knew the following spells:

 Your Spells              Type           Power      Damage    Failure   Level
a - Pain                  Necr           100%       1d9       1%          1
b - Vampiric Draining     Necr           52%        2d9       1%          3
c - Agony                 Necr           52%        N/A       3%          5
d - Confusing Touch       Hex            61%        N/A       1%          3
e - Ensorcelled Hibernat  Hex/Ice        92%        N/A       1%          2

Your spell library contained the following spells:

 Spells                   Type           Power      Damage    Failure   Level
 Animate Skeleton         Necr           100%       N/A       1%          1
 Slow                     Hex            100%       N/A       1%          1
 Inner Flame              Hex/Fire       36%        N/A       1%          3
 Anguish                  Hex/Necr       28%        N/A       1%          4
 Animate Dead             Necr           26%        N/A       1%          4
 Foxfire                  Conj/Fire      24%        2x1d5     9%          1
 Call Imp                 Summ           6%         N/A       13%         2
 Conjure Flame            Conj/Fire      6%         6-21      26%         3
 Lesser Beckoning         Tloc           6%         N/A       26%         3
 Spider Form              Tmut/Pois      6%         N/A       26%         3
 Flame Wave               Conj/Fire      6%         2d5       63%         4
 Blade Hands              Tmut           3%         N/A       93%         5
 Fireball                 Conj/Fire      3%         3d4       93%         5
 Irradiate                Conj/Tmut      3%         3d15      93%         5
 Starburst                Conj/Fire      3%         6d3       100%        6
 Dragon Form              Tmut           3%         N/A       100%        7
 Monstrous Menagerie      Summ           3%         N/A       100%        7
 Spellforged Servitor     Conj/Summ      3%         N/A       100%        7
 Ignition                 Fire           3%         3d4       100%        8


Dungeon Overview and Level Annotations

Branches:
Dungeon (10/15)            Temple (1/1) D:5            Lair (1/6) D:9
    Orc (0/2) D:10          Sewer (visited)          Bailey (visited)
  IceCv (1/1)

Altars:
Ashenzari
Cheibriados
Dithmenos
Elyvilon
Fedhas
Gozag
Hepliaklqana
Kikubaaqudgha
Makhleb
Nemelex Xobeh
Okawaru
Qazlal
Ru
Sif Muna
Trog
Uskayaw
Vehumet
Wu Jian
Xom
Yredelemnul
Zin
The Shining One
Beogh

Shops:
D:5 [   D:7 *?**=

Annotations:
D:7 3 runed translucent doors


Innate Abilities, Weirdness & Mutations

You do not regenerate when monsters are visible.
You are frail without blood (-20% HP).
You can heal yourself when you bite living creatures.
You are immune to poison.
You have razor-sharp teeth.
You have supernaturally acute eyesight. (SInv)
You are afflicted with vampirism and can become a bat while bloodless.


Message History

Confirm with . or Enter, or press ? or * to list all spells.
Your hands begin to glow red.
The entropy weaver simulacrum closely misses you.
The entropy weaver simulacrum hits you but does no damage. x2
The entropy weaver simulacrum hits you.
* * * LOW HITPOINT WARNING * * *
The entropy weaver simulacrum freezes you!
You resist.
* * * LOW HITPOINT WARNING * * *
You feel yourself speed up.
The entropy weaver simulacrum hits you but does no damage.
The entropy weaver simulacrum hits you.
* * * LOW HITPOINT WARNING * * *
The entropy weaver simulacrum freezes you.
You resist.
* * * LOW HITPOINT WARNING * * *
The entropy weaver simulacrum barely misses you. x2
There is an ice choked empty arch of ancient stone here.
There is an ice covered gate leading back out of this place here.
Aiming: Throw Flame
Press: ? - help, Shift-Dir - straight line, f - entropy weaver simulacrum
Aim: an entropy weaver simulacrum (heavily damaged, chance to confuse on hit: 78%, 79% to hit)
The puff of flame hits the entropy weaver simulacrum.
The entropy weaver simulacrum melts!
The entropy weaver simulacrum is severely damaged.
Aiming: Throw Flame
Press: ? - help, Shift-Dir - straight line, f/p - entropy weaver simulacrum
Aim: an entropy weaver simulacrum (severely damaged, chance to confuse on hit: 78%, 79% to hit)
The puff of flame misses the entropy weaver simulacrum.
Aiming: Mindburst
Press: ? - help, Shift-Dir - straight line, f/p - entropy weaver simulacrum
Aim: an entropy weaver simulacrum (severely damaged, chance to confuse on hit: 78%, not susceptible)
The entropy weaver simulacrum is unaffected.
Okay, then.
Casting: Confusing Touch (safe; 1% risk of failure)
Confirm with . or Enter, or press ? or * to list all spells.
Okay, then.
The entropy weaver simulacrum hits you but does no damage.
The entropy weaver simulacrum hits you.
You die...

#####
##.@.##
#..Z..#
##...##
##.## #.#
#...#
.......
...#####...
...## ###..


You could see an entropy weaver simulacrum.

Vanquished Creatures
  Harold (D:7)
  An orc knight (Bailey)
  A deep elf zephyrmancer (Bailey)
  A cane toad (Lair:1)
  An unseen horror (D:10)
  An ice devil (Lair:1)
  3 trolls
  Grinder (D:5)
  2 wyverns
  12 yaks
  2 steam dragons
  An acid dragon (D:10)
  5 water moccasins
  7 orc warriors
  Duvessa (D:7)
  A sky beast (D:8)
  An ice beast (D:7)
  A hornet zombie (D:5)
  2 ogres
  4 centaurs
  4 kobold brigands
  4 gnoll sergeants
  4 bullfrogs
  3 scorpions
  Dowan (D:7)
  4 killer bees (D:8)
  7 electric eels
  6 howler monkeys
  A crimson imp (D:8)
  3 centaur zombies
  A bullfrog skeleton (D:7)
  A jelly (D:4)
  Crazy Yiuf (D:5)
  10 hounds
  2 centaur skeletons
  A gnoll shaman (D:10)
  2 orc priests (D:10)
  3 iguanas
  Natasha (thrice) (D:3)
  4 orc wizards
  Robin (D:4)
  11 gnolls
  8 adders
  A shadow imp (D:7)
  A white imp (D:8)
  An ufetubus (D:5)
  An adder skeleton (D:4)
  A worm (D:2)
  3 dart slugs
  33 orcs
  15 ball pythons
  5 endoplasms
  8 giant cockroaches
  14 goblins
  4 hobgoblins
  7 jackals
  14 kobolds
  11 quokkas
  3 bats
  8 frilled lizards
  A goblin skeleton (D:8)
  2 hobgoblin zombies (D:8)
  A kobold skeleton (D:8)
  A kobold zombie (D:8)
  An orc skeleton (D:8)
  An orc zombie (D:8)
  8 rats
279 creatures vanquished.

Vanquished Creatures (collateral kills)
  A cyclops (D:9)
  An ice devil (Lair:1)
  2 orc warriors
  An ogre (D:5)
  A phantom (D:6)
  A bullfrog (Sewer)
  An electric eel (D:9)
  An orc priest (D:10)
  A jelly (D:6)
  2 orc wizards (D:9)
  4 gnolls
  3 orcs
  An endoplasm (Sewer)
  A giant cockroach (Sewer)
  A jackal (D:4)
  2 kobolds (D:6)
  A ball python (Sewer)
25 creatures vanquished.

Vanquished Creatures (others)
  An orc warrior (Bailey)
  7 orcs
  2 kobolds
  3 fungi (D:1)
  31 plants
44 creatures vanquished.

Grand Total: 348 creatures vanquished

Notes
Turn   | Place    | Note
-------+----------+-------------------------------------------
     0 | D:1      | joshe the Vampire Necromancer began the quest for the Orb.
     0 | D:1      | Reached XP level 1. HP: 13/13 MP: 3/3
   446 | D:1      | Reached XP level 2. HP: 19/19 MP: 5/5
   788 | D:1      | Reached skill level 5 in Necromancy
   940 | D:1      | Found a faded altar of an unknown god.
  1280 | D:2      | Gained mutation: You are afflicted with vampirism and can
                  | become a bat while bloodless. [Vampire growth]
  1280 | D:2      | Reached XP level 3. HP: 24/24 MP: 4/6
  1975 | D:2      | Learned a level 3 spell: Vampiric Draining
  2779 | D:3      | Noticed Natasha
  2782 | D:3      | Killed Natasha
  2783 | D:3      | Reached XP level 4. HP: 26/30 MP: 4/7
  2842 | D:3      | Noticed Natasha
  2858 | D:3      | Killed Natasha
  2928 | D:3      | Noticed Natasha
  2936 | D:3      | Killed Natasha
  3292 | D:3      | Reached skill level 4 in Stealth
  3624 | D:3      | Reached XP level 5. HP: 26/31 MP: 1/9
  3995 | D:4      | Reached skill level 5 in Stealth
  4121 | D:4      | Reached skill level 1 in Armour
  4186 | D:4      | Reached XP level 6. HP: 34/36 MP: 3/10
  4224 | D:4      | Noticed Robin
  4447 | D:4      | Killed Robin
  4979 | D:3      | Reached XP level 7. HP: 46/46 MP: 2/13
  5189 | D:4      | Learned a level 5 spell: Agony
  5564 | D:5      | Entered Level 5 of the Dungeon
  5761 | D:5      | Found Gipimi's Armour Boutique.
  5843 | D:5      | Reached skill level 6 in Stealth
  5997 | D:5      | Reached skill level 7 in Stealth
  6018 | D:5      | Found a glowing drain.
  6033 | Sewer    | Entered a sewer
  6744 | Sewer    | Reached XP level 8. HP: 34/52 MP: 4/15
  6840 | Sewer    | Reached skill level 5 in Spellcasting
  6918 | Sewer    | Learned a level 3 spell: Confusing Touch
  7188 | D:5      | Learned a level 2 spell: Ensorcelled Hibernation
  7237 | D:5      | Found a blossoming altar of Fedhas.
  7316 | D:5      | Found a staircase to the Ecumenical Temple.
  7325 | Temple   | Entered the Ecumenical Temple
  7765 | Temple   | Became a worshipper of Makhleb the Destroyer
  7887 | D:5      | Noticed Grinder
  7903 | D:5      | Killed Grinder
  7904 | D:5      | Reached skill level 5 in Hexes
  8207 | D:5      | Found a runed translucent door.
  8208 | D:5      | Noticed Crazy Yiuf
  8427 | D:5      | Killed Crazy Yiuf
  8544 | D:6      | Reached skill level 1 in Invocations
  8544 | D:6      | Reached skill level 1 in Evocations
  8558 | D:6      | Identified the +1 robe "Piwn" {rF+ Stlth+}
  9440 | D:6      | Identified the +7 hand axe "Ziehes" {vamp, rElec rPois
                  | Dex-5 Stlth+}
  9592 | D:6      | Reached XP level 9. HP: 10/57 MP: 3/16
  9882 | D:6      | Reached skill level 8 in Stealth
 10138 | D:7      | Reached * piety under Makhleb
 10139 | D:7      | Reached skill level 9 in Stealth
 10649 | D:7      | Found Heisios's Magic Scroll Shoppe.
 10650 | D:7      | Noticed Harold
 10682 | D:7      | Found Ciuth's Assorted Antiques.
 10701 | D:6      | Reached skill level 10 in Stealth
 10891 | D:7      | Found Xaxtial's General Store.
 11104 | D:7      | Bought a scroll of identify for 26 gold pieces
 11120 | D:7      | Found Septitol's Jewellery Emporium.
 11166 | D:7      | Bought a scroll of noise for 12 gold pieces
 11166 | D:7      | Bought a scroll of identify for 24 gold pieces
 11467 | D:7      | Bought a scroll of identify for 60 gold pieces
 11468 | D:7      | Bought a runed helmet for 225 gold pieces
 11899 | D:7      | Found Joyts's General Store.
 11921 | D:7      | Found a runed translucent gate.
 11921 | D:7      | Noticed Duvessa
 11950 | D:7      | Found a runed translucent gate.
 11950 | D:7      | Found a runed translucent gate.
 11951 | D:7      | Noticed Dowan
 12412 | D:8      | Reached ** piety under Makhleb
 12520 | D:8      | Noticed a troll
 12800 | D:8      | Reached skill level 11 in Stealth
 13002 | D:8      | Reached skill level 12 in Stealth
 13355 | D:7      | Killed a troll
 13534 | D:7      | Killed Duvessa
 13535 | D:7      | Reached XP level 10. HP: 49/63 MP: 2/17
 13547 | D:7      | Killed Dowan
 13548 | D:7      | Reached skill level 13 in Stealth
 13848 | D:7      | Killed Harold
 13849 | D:7      | Reached skill level 14 in Stealth
 15120 | D:9      | Reached skill level 15 in Stealth
 15465 | D:9      | Killed a cyclops
 15466 | D:9      | Reached skill level 10 in Hexes
 15924 | D:9      | Reached skill level 10 in Necromancy
 15963 | D:9      | Found a staircase to the Lair.
 16484 | D:10     | Entered Level 10 of the Dungeon
 16530 | D:10     | Found a flagged portal.
 16555 | Bailey   | Entered a bailey
 16620 | Bailey   | Found a large runed translucent door.
 16620 | Bailey   | Found a large runed translucent door.
 16621 | Bailey   | Noticed a deep elf zephyrmancer
 16623 | Bailey   | Noticed an orc knight
 16688 | Bailey   | Killed an orc knight
 16821 | Bailey   | Killed a deep elf zephyrmancer
 16821 | Bailey   | Reached *** piety under Makhleb
 16822 | Bailey   | Reached XP level 11. HP: 68/68 MP: 8/19
 16838 | Bailey   | Got Sif Muna's Collected Works on Spatial Companions
 17193 | D:9      | Reached skill level 1 in Fighting
 17880 | D:10     | Noticed an orc knight
 18605 | D:7      | Bought a +2 pair of boots of stealth for 279 gold pieces
 18605 | D:7      | Bought a scroll of identify for 26 gold pieces
 18761 | Lair:1   | Entered Level 1 of the Lair of Beasts
 18843 | Lair:1   | Reached **** piety under Makhleb
 18915 | Lair:1   | Found a frozen archway.
 19251 | IceCv    | Entered an ice cave
 19261 | IceCv    | HP: 1/57 [entropy weaver simulacrum (5)]
 19268 | IceCv    | Slain by an entropy weaver simulacrum

Illustrated notes

Levels and vault maps discovered:
D:1:      minmay_arrival_stair_chambers, layout_loops_cross,
          shapermc_ecumenical_altar_petra
D:2:      layout_loops_corners, serial_forest, infiniplex_forest_lined_2,
          infiniplex_forest_lined_3_way, infiniplex_forest_clump_tiny,
          infiniplex_forest_zigzag_2, infiniplex_forest_end_double,
          infiniplex_forest_split, infiniplex_forest_lined_1,
          infiniplex_forest_clump_tiny
D:3:      layout_loops_ring, uniq_natasha
D:4:      minmay_chambers_of_twos, layout_rooms, uniq_robin
D:5:      layout_loops_ring, mainiacjoe_overflow_chevrons,
          lemuel_temple_firewalk_b, serial_shops, shop, gup_sewer_entry_spiral,
          uniq_grinder, uniq_crazy_yiuf_cottage
D:6:      layout_basic
D:7:      layout_rooms, ebering_ghost_rock_garden, serial_shops,
          nicolae_shop_competitors_out_of_business, nicolae_shop_waterfront,
          shop, kennysheep_little_box, nicolae_inconvenience_store, uniq_harold,
          uniq_duvessa
D:8:      kennysheep_six_static_rooms, layout_basic,
          nicolae_tso_besieged_by_evil, minmay_misc_feat_square,
          minmay_misc_feat_iff, serial_bayou_lake_a
D:9:      layout_rooms, lair_entry_dummy, chequers_big_river
D:10:     layout_cave_pools, david_orc_5, enter_bailey_2, serial_gnoll_camp,
          gnoll_camp_mini_house, gnoll_camp_huts_basic, gnoll_camp_mini_shop,
          gnoll_camp_mini_hut, corner_web_ring
Temple:   mainiacjoe_temple_cubbyholes
Lair:1:   layout_regular_city, portal_ice_cave_demonic_guard, evilmike_ambush
          [evilmike_ambush_outer_doors, evilmike_ambush_inner_pond],
          infiniplex_staircase_pool_2
IceCv:    ice_cave_hellmonk_azure_passage

Skill      XL: |  1  2  3  4  5  6  7  8  9 10 11 |
---------------+----------------------------------+-----
Necromancy     | 5 6 7 8 9 10 | 10.0
Spellcasting   | 3 4 5 6 |  6.0
Stealth        | 4 5 7 12 15 | 15.0
Armour         | 2 |  2.0
Hexes          | 8 9 12 13 | 13.0
Ice Magic      | 2 4 |  4.0
Invocations    | 2 4 |  4.0
Evocations     | 2 |  2.0
Fighting       | 2 |  2.0
Dodging        | |  2.1

Action                   |  1- 3 |  4- 6 |  7- 9 | 10-12 || total
-------------------------+-------+-------+-------+-------++-------
Melee: Spear             |    21 |    25 |    87 |    12 ||   145
       Bite              |     3 |     1 |    15 |     8 ||    27
       Dagger            |       |     2 |    15 |    27 ||    44
       Hand axe          |       |       |    60 |    68 ||   128
Throw: Dart              |       |     3 |       |       ||     3
 Cast: Pain              |    62 |    96 |   155 |   129 ||   442
       Vampiric Draining |       |     9 |    50 |    64 ||   123
       Agony             |       |       |     5 |     3 ||     8
       Ensorcelled Hiber |       |       |    21 |    48 ||    69
       Confusing Touch   |       |       |     5 |     8 ||    13
Invok: Lesser Servant of |       |       |       |     3 ||     3
 Abil: Exsanguinate      |       |     1 |     1 |     1 ||     3
       Revivify          |       |     1 |     1 |       ||     2
Evoke: Wand              |       |       |     3 |    19 ||    22
       Phantom mirror    |       |       |     1 |     1 ||     2
  Use: Scroll            |       |     4 |    11 |     6 ||    21
       Potion            |       |       |     3 |     3 ||     6
 Stab: Sleeping          |     8 |     1 |    17 |    23 ||    49
       Confused          |       |       |     1 |     2 ||     3
       Distracted        |       |       |       |     1 ||     1
Armor: Robe              |     4 |     1 |    31 |    98 ||   134
       Leather armour    |       |    15 |    86 |       ||   101
Dodge: Dodged            |    10 |    37 |   172 |   135 ||   354
